[Event "4th ChessMates Murmansk 2020"]
[Site "Murmansk"]
[Date "2020.03.15"]
[Round "5.5"]
[White "Khripachenko, Alexander"]
[Black "Rikas, Artur"]
[Result "1-0"]
[ECO "B28"]
[WhiteElo "1773"]
[BlackElo "1580"]
[Annotator "NA RC"]
[PlyCount "45"]
[EventDate "2020.03.13"]
[EventType "team-tourn"]
[EventCountry "RUS"]
[SourceTitle "playchess.com"]
[Source "ChessBase"]
[SourceQuality "1"]
[TimeControl "5400+30"]

1. e4 c5 2. Nf3 a6 3. c4 Nc6 4. d4 cxd4 5. Nxd4 e5 6. Nc2 Nf6 7. Nc3 h6 8. Be3 d6 9. Be2 Be7 10. O-O O-O 11. Qd2 Ne8 12. Rad1 f5 13. exf5 Bxf5 14. Bd3 Qd7 15. Nd5 Rd8 16. Bb6 Rc8 17. Nce3 e4 18. Bb1 Bg5 19. Qe2 Ne5 20. Nxf5 Qxf5 21. Bxe4 Qe6 22. f4 Nxc4 23. Bh7+ 1-0

[Event "4th ChessMates Murmansk 2020"]
[Site "Murmansk"]
[Date "2020.03.15"]
[Round "5.6"]
[White "Myskovski, Deniss"]
[Black "Morar, Kirill"]
[Result "0-1"]
[ECO "B40"]
[WhiteElo "1205"]
[BlackElo "1271"]
[Annotator "NA RC"]
[PlyCount "64"]
[EventDate "2020.03.13"]
[EventType "team-tourn"]
[EventCountry "RUS"]
[SourceTitle "playchess.com"]
[Source "ChessBase"]
[SourceQuality "1"]
[TimeControl "5400+30"]

1. e4 c5 2. Nf3 e6 3. Nc3 a6 4. Be2 d5 5. d4 Nf6 6. exd5 Nxd5 7. Nxd5 exd5 8. O-O Be7 9. Re1 O-O 10. c3 Nc6 11. Bf4 Be6 12. Ne5 Qb6 13. Nxc6 bxc6 14. Bg4 cxd4 15. Qxd4 Bc5 16. Qd1 Bxf2+ 17. Kf1 Bxe1 18. Kxe1 Qg1+ 19. Kd2 Qxg2+ 20. Be2 Bg4 21. Qf1 Qxe2+ 22. Qxe2 Bxe2 23. Kxe2 Rfe8+ 24. Kf2 Re4 25. Be3 Rae8 26. Re1 f5 27. Bd2 Rxe1 28. Bxe1 Kf7 29. Bd2 Kf6 30. b4 g5 31. Kf3 h5 32. a4 h4 0-1

[Event "4th ChessMates Murmansk 2020"]
[Site "Murmansk"]
[Date "2020.03.15"]
[Round "5.7"]
[White "Abbasov, Aziz"]
[Black "Blokhin, Sofia"]
[Result "1/2-1/2"]
[ECO "A01"]
[WhiteElo "1478"]
[BlackElo "1854"]
[Annotator "NA RC"]
[PlyCount "84"]
[EventDate "2020.03.13"]
[EventType "team-tourn"]
[EventCountry "RUS"]
[SourceTitle "playchess.com"]
[Source "ChessBase"]
[SourceQuality "1"]
[TimeControl "5400+30"]

1. b3 d5 2. Bb2 e6 3. e3 Nf6 4. Nf3 Be7 5. Be2 b6 6. d4 Bb7 7. O-O O-O 8. c4 Nbd7 {[%emt 0:00:38] A13: English Opening: 1...e6.} 9. Nbd2 c5 10. Rc1 a6 {[%emt 0:00:51] [#]} 11. Ne5 $146 ({Predecessor:} 11. a3 Rc8 {½-½ (11) Stella,A (2442)-Petkov,V (2519) Civitanova Marche 2012}) 11... dxc4 12. Ndxc4 Nxe5 13. Nxe5 Nd5 14. Bd3 cxd4 15. exd4 (15. Bxd4 $11 Ba3 16. Rc2 (16. Qh5 Nf6 $15)) 15... Nf4 16. f3 $1 Bg5 (16... Nxd3 $15 17. Qxd3 Bd6) 17. Rb1 ({White should play} 17. Be4 $11 Qe7 18. Rc2) 17... Nd5 18. Re1 Be3+ ({Black should try} 18... f6 $17 19. Ng4 Qd6) 19. Kh1 Qh4 20. g3 Qh5 21. Ng4 $2 {[%emt 0:03:42] [#]} (21. Qe2 $15) 21... Qxg4 $1 22. Be4 ({Don't go for} 22. Bxh7+ $2 Kxh7 23. fxg4 Nc3+ 24. d5 Nxd1 $19) 22... Qg5 23. Qd3 Bf2 24. Re2 Nb4 {[%emt 0:02:59] Double Attack} 25. Qc4 $2 (25. Qd1 Bxe4 26. fxe4) 25... Bxe4 26. fxe4 Qf6 $2 (26... Rac8 $19 27. Qxb4 Qg4 28. Rxf2 Qxe4+ {[%mdl 64] Double Attack} 29. Kg1 Qxb1+ {[%mdl 64] Double Attack} 30. Kg2 Rc2) 27. Kg2 Bxg3 28. hxg3 Qe7 $2 (28... a5 $17 {and life is bright.} 29. a3 Na6) 29. Bc3 $2 (29. a3 $18) 29... a5 30. a3 Rac8 31. Bxb4 axb4 32. Qxb4 Qxb4 33. axb4 Rfd8 34. Rd2 Kf8 35. Rd3 Rc2+ 36. Kf3 {[%emt 0:00:22] [#]} f5 ({Black should play} 36... e5 $1 $17 37. d5 (37. dxe5 Rxd3+) 37... Ke7) 37. exf5 exf5 38. Rh1 Kg8 39. Kf4 $11 Rd5 40. Re1 Rf2+ 41. Ke3 Rb2 42. Kf4 Rf2+ {[%emt 0:01:28] Ke4} 1/2-1/2

[Event "4th ChessMates Murmansk 2020"]
[Site "Murmansk"]
[Date "2020.03.15"]
[Round "5.8"]
[White "Smirnova, Jekaterina"]
[Black "Khon, Ilya"]
[Result "1-0"]
[ECO "A16"]
[WhiteElo "1439"]
[BlackElo "1223"]
[Annotator "NA RC"]
[PlyCount "45"]
[EventDate "2020.03.13"]
[EventType "team-tourn"]
[EventCountry "RUS"]
[SourceTitle "playchess.com"]
[Source "ChessBase"]
[SourceQuality "1"]
[TimeControl "5400+30"]

1. c4 Nf6 2. Nc3 d5 3. cxd5 Nxd5 4. d4 e6 5. e4 Nb6 6. Nf3 Be7 7. Bb5+ Bd7 8. Bd3 O-O 9. Be3 Re8 10. O-O h6 11. Ne5 a6 12. Qh5 Bg5 13. Qxf7+ Kh7 14. Qg6+ Kg8 15. f4 Bf6 16. Nf7 Qe7 17. Nxh6+ Kf8 18. Ng4 Qf7 19. Qxf7+ Kxf7 20. e5 Be7 21. Nf2 Bc6 22. Nfe4 Kg8 23. Ng5 1-0

[Event "4th ChessMates Murmansk 2020"]
[Site "Murmansk"]
[Date "2020.03.15"]
[Round "5.9"]
[White "Yatchenko, Leonid"]
[Black "Mertins, Ostap"]
[Result "1/2-1/2"]
[ECO "C00"]
[WhiteElo "1705"]
[BlackElo "1375"]
[Annotator "NA RC"]
[PlyCount "115"]
[EventDate "2020.03.13"]
[EventType "team-tourn"]
[EventCountry "RUS"]
[SourceTitle "playchess.com"]
[Source "ChessBase"]
[SourceQuality "1"]
[TimeControl "5400+30"]

1. e4 e6 2. Nf3 b6 3. d4 Bb7 4. Bd3 Nf6 5. e5 Nd5 6. c3 c5 7. a3 Nc6 8. Bc2 d6 9. O-O dxe5 10. dxe5 Qc7 11. Re1 Rd8 12. Qe2 a6 13. Bg5 Be7 14. Bxe7 Ncxe7 15. g3 b5 16. Nbd2 h6 17. c4 bxc4 18. Nxc4 Nb6 19. Nd6+ Kf8 20. Nxb7 Qxb7 21. Nd2 Ned5 22. Ne4 Nd7 23. Nd6 Qc6 24. Nc4 N7b6 25. Nxb6 Qxb6 26. Be4 Ke7 27. Rac1 Rb8 28. Qc4 Rhd8 29. Re2 Rbc8 30. Bg2 Qb5 31. Qh4+ Kf8 32. Rec2 c4 33. Rxc4 Rb8 34. b4 Qa4 35. Bxd5 exd5 36. Rc7 Qe8 37. Qd4 Rd7 38. Kg2 Rxc7 39. Rxc7 Qe6 40. Qc5+ Ke8 41. f4 d4 42. Qc6+ Qxc6+ 43. Rxc6 a5 44. bxa5 Rb3 45. a4 Rb4 46. Rd6 Rxa4 47. Rd5 d3 48. Rxd3 Rxa5 49. Kf3 Ra4 50. h4 h5 51. g4 hxg4+ 52. Kxg4 g6 53. Rf3 Ke7 54. Rb3 Ra1 55. Rb7+ Ke6 56. Rb3 Rg1+ 57. Rg3 Rxg3+ 58. Kxg3 1/2-1/2

[Event "4th ChessMates Murmansk 2020"]
[Site "Murmansk"]
[Date "2020.03.15"]
[Round "5.14"]
[White "Timoshenko, Fedor"]
[Black "Shelezhonkova, Kseniya"]
[Result "1/2-1/2"]
[ECO "D02"]
[WhiteElo "1621"]
[BlackElo "1552"]
[Annotator "NA RC"]
[PlyCount "89"]
[EventDate "2020.03.13"]
[EventType "team-tourn"]
[EventCountry "RUS"]
[SourceTitle "playchess.com"]
[Source "ChessBase"]
[SourceQuality "1"]
[TimeControl "5400+30"]

1. d4 d5 2. Bf4 Nf6 3. Nf3 c5 4. c3 Nc6 5. e3 Qb6 6. b3 Bf5 7. Bd3 Ne4 8. Ne5 cxd4 9. f3 Nd6 10. Nxc6 Bxd3 11. Qxd3 Qxc6 12. Bxd6 Qxd6 13. cxd4 Qb4+ 14. Qd2 e6 15. Ke2 Qxd2+ 16. Nxd2 Ba3 17. Rab1 a5 18. b4 Bxb4 19. a3 Bxd2 20. Kxd2 Ra7 21. Rb6 Kd7 22. Rhb1 Kc7 23. Kd3 Rd8 24. R6b5 Rd6 25. e4 dxe4+ 26. fxe4 b6 27. Rg5 g6 28. h4 Kd8 29. Ke3 Rad7 30. Rd1 Ke7 31. h5 Rc7 32. Rd3 Rc2 33. hxg6 hxg6 34. g3 Rb2 35. Rc3 Kd7 36. d5 exd5 37. exd5 b5 38. Kd4 b4 39. axb4 axb4 40. Rf3 f5 41. g4 Rd2+ 42. Kc4 R2xd5 43. gxf5 Rxf5 44. Rfxf5 gxf5 45. Rxf5 1/2-1/2

[Event "4th ChessMates Murmansk 2020"]
[Site "Murmansk"]
[Date "2020.03.15"]
[Round "5.16"]
[White "Solovyev, Vladislav B."]
[Black "Shilnikov, Anton"]
[Result "0-1"]
[ECO "C05"]
[WhiteElo "1410"]
[BlackElo "1769"]
[Annotator "NA RC"]
[PlyCount "126"]
[EventDate "2020.03.13"]
[EventType "team-tourn"]
[EventCountry "RUS"]
[SourceTitle "playchess.com"]
[Source "ChessBase"]
[SourceQuality "1"]
[TimeControl "5400+30"]

1. e4 e6 2. d4 d5 3. Nd2 Nf6 4. e5 Nfd7 5. Bd3 c5 6. c3 Nc6 7. Ndf3 cxd4 8. cxd4 f6 9. Ng5 Bb4+ 10. Kf1 fxg5 11. Qh5+ Kf8 12. Bxh7 Qe8 13. Qxe8+ Kxe8 14. Bg6+ Kd8 15. Bxg5+ Be7 16. Be3 b6 17. Nf3 Ba6+ 18. Ke1 Nb4 19. Kd2 Rc8 20. a3 Nc6 21. b4 Bc4 22. Ng5 Bxg5 23. Bxg5+ Kc7 24. Ke3 Kb7 25. h4 a5 26. Rhb1 axb4 27. axb4 Ra8 28. b5 Na5 29. Bd3 Bxd3 30. Kxd3 Nc4 31. g4 Ndxe5+ 32. dxe5 Nxe5+ 33. Kd4 Nxg4 34. f3 Nh6 35. Ke5 Rae8 36. Kd6 Nf7+ 37. Kd7 Ne5+ 38. Kd6 Nxf3 39. Rc1 Nd4 40. Rab1 Rc8 41. Rd1 Rc4 42. Ke5 Ne2 43. Rd3 Nc3 44. Rb3 Na4 45. Rf3 Rc7 46. Be3 Rxh4 47. Kxe6 d4 48. Bg5 Nc5+ 49. Kf5 Nxb3 50. Bxh4 Rf7+ 51. Kg4 Rxf3 52. Kxf3 d3 53. Bd8 d2 54. Ke2 Nd4+ 55. Kxd2 Nxb5 56. Ke3 Nd6 57. Kf4 b5 58. Ba5 Kc6 59. Kg5 Kc5 60. Kg6 Ne8 61. Kf7 b4 62. Kxe8 b3 63. Bc3 g5 0-1

[Event "4th ChessMates Murmansk 2020"]
[Site "Murmansk"]
[Date "2020.03.15"]
[Round "5.17"]
[White "Baranov, Ivan"]
[Black "Iarovoi, Dmitrii"]
[Result "1-0"]
[ECO "A40"]
[WhiteElo "1671"]
[BlackElo "1346"]
[Annotator "NA RC"]
[PlyCount "122"]
[EventDate "2020.03.13"]
[EventType "team-tourn"]
[EventCountry "RUS"]
[SourceTitle "playchess.com"]
[Source "ChessBase"]
[SourceQuality "1"]
[TimeControl "5400+30"]

1. d4 g6 2. c4 Bg7 3. Nc3 a6 4. e4 d6 5. Be3 Nf6 6. f3 c6 7. Qd2 h5 8. d5 c5 9. h4 Nbd7 10. Nh3 Rb8 11. Nf2 Ne5 12. Be2 Qc7 13. a3 Bd7 14. O-O b5 15. cxb5 Bxb5 16. Nxb5 axb5 17. Rfc1 Nfd7 18. Rab1 Qb7 19. b4 Nc4 20. Bxc4 bxc4 21. Rxc4 Qa6 22. Rbc1 Qxa3 23. bxc5 dxc5 24. Bxc5 Nxc5 25. Rxc5 O-O 26. Kh2 Kh7 27. f4 Bf6 28. e5 Bxh4 29. R5c3 Rb2 30. Rxa3 Rxd2 31. Ne4 Re2 32. Ra4 Be1 33. Rc7 Bh4 34. Kh3 Rb8 35. Kxh4 Rxg2 36. Ng5+ Kg7 37. Rc3 Rb1 38. Rg3 Rf2 39. Rd4 f6 40. exf6+ exf6 41. Nh3 Rc2 42. d6 Rc8 43. d7 Rd8 44. f5 g5+ 45. Nxg5 fxg5+ 46. Kxg5 Rb5 47. Kxh5+ Kf7 48. Kg5 Re5 49. Rd6 Ke7 50. Rgd3 Re1 51. f6+ Kf7 52. Kf5 Rf1+ 53. Ke5 Re1+ 54. Kd5 Rc1 55. Rd4 Rc7 56. Rh4 Rdxd7 57. Rh7+ Ke8 58. Rhxd7 Rxd7 59. Rxd7 Kxd7 60. Ke5 Kd8 61. Kf5 Kd7 1-0

[Event "4th ChessMates Murmansk 2020"]
[Site "Murmansk"]
[Date "2020.03.15"]
[Round "5.18"]
[White "Pereverzev, Valerii"]
[Black "Chervyakova, Tatiana"]
[Result "1-0"]
[ECO "D20"]
[WhiteElo "1379"]
[BlackElo "1489"]
[Annotator "NA RC"]
[PlyCount "84"]
[EventDate "2020.03.13"]
[EventType "team-tourn"]
[EventCountry "RUS"]
[SourceTitle "playchess.com"]
[Source "ChessBase"]
[SourceQuality "1"]
[TimeControl "5400+30"]

1. d4 d5 2. c4 dxc4 3. e4 Nf6 4. Nc3 c6 5. Nf3 Bg4 6. Be2 e6 7. Bg5 h6 8. Bxf6 Qxf6 9. a4 Bb4 10. O-O O-O 11. Ne5 Bxe2 12. Qxe2 Rd8 13. Qxc4 Ba5 14. Nf3 Nd7 15. b4 Bc7 16. a5 Rac8 17. Qb3 g5 18. Rfd1 Nf8 19. Ne2 a6 20. Rac1 Ng6 21. Rc3 Nf4 22. Ng3 h5 23. e5 Qe7 24. Re3 g4 25. Ne4 Nd5 26. Ne1 Kg7 27. Nc2 Rh8 28. Nc5 Bd8 29. Re4 Rh6 30. Ne3 Rg6 31. Nxd5 cxd5 32. Re3 Ra8 33. Ra1 Rc8 34. Rc3 h4 35. Kh1 Rb8 36. b5 Ra8 37. b6 Rb8 38. Qa4 h3 39. gxh3 gxh3 40. Rxh3 Qg5 41. Rg3 Qf4 42. Rxg6+ fxg6 1-0

[Event "4th ChessMates Murmansk 2020"]
[Site "Murmansk"]
[Date "2020.03.15"]
[Round "5.20"]
[White "Bueckert, Lucy"]
[Black "Simakov, Vadim"]
[Result "0-1"]
[ECO "A02"]
[WhiteElo "1302"]
[BlackElo "1605"]
[Annotator "NA RC"]
[PlyCount "104"]
[EventDate "2020.03.13"]
[EventType "team-tourn"]
[EventCountry "RUS"]
[SourceTitle "playchess.com"]
[Source "ChessBase"]
[SourceQuality "1"]
[TimeControl "5400+30"]

1. f4 Nf6 2. b3 g6 3. Nf3 Bg7 4. Bb2 d6 5. e3 h5 6. Be2 Nbd7 7. O-O O-O 8. d3 c5 9. Qe1 b5 10. Nbd2 Nb6 11. Qh4 a5 12. Ng5 Ng4 13. Bxg7 Kxg7 14. Rf3 d5 15. Rg3 Rh8 16. Bxg4 Bxg4 17. h3 Bd7 18. e4 dxe4 19. Ndxe4 Bf5 20. Nxc5 Qd4+ 21. Kh2 Qxa1 22. Nf3 Qf6 23. d4 Qxh4 24. Nxh4 Bxc2 25. f5 a4 26. fxg6 fxg6 27. Ne6+ Kf6 28. Nf4 g5 29. Rc3 Rac8 30. Rxc8 Rxc8 31. Nxh5+ Ke6 32. Nf3 axb3 33. axb3 Bxb3 34. Nxg5+ Kd5 35. Nf3 Bc4 36. g4 b4 37. Nd2 Kxd4 38. Nxc4 Nxc4 39. Nf4 b3 40. Ne2+ Ke3 41. Nc3 Nd2 42. Na4 Ra8 43. Nb2 Ra2 44. Nd1+ Kd3 45. Nf2+ Kc2 46. g5 b2 47. g6 b1=Q 48. g7 Ra8 49. Ng4 Qe1 50. Nh6 Qf2+ 51. Kh1 Nf3 52. h4 Qg1# 0-1

[Event "4th ChessMates Murmansk 2020"]
[Site "Murmansk"]
[Date "2020.03.15"]
[Round "5.26"]
[White "Kien, Clovis"]
[Black "Kataev, Aleksandr"]
[Result "0-1"]
[ECO "E91"]
[WhiteElo "1765"]
[BlackElo "1978"]
[Annotator "RC"]
[PlyCount "120"]
[EventDate "2020.03.13"]
[EventType "team-tourn"]
[EventCountry "RUS"]
[SourceTitle "playchess.com"]
[Source "ChessBase"]
[SourceQuality "1"]
[TimeControl "5400+30"]

1. d4 Nf6 2. c4 g6 3. Nc3 Bg7 4. e4 d6 5. Nf3 O-O 6. Be2 Na6 7. O-O e5 8. Re1 exd4 9. Nxd4 Nc5 10. Bf3 a5 11. Bg5 h6 12. Be3 Re8 13. Qc2 Bg4 14. Bf4 Bxf3 15. Nxf3 Ng4 16. h3 Ne5 17. Nxe5 dxe5 18. Rad1 Qh4 19. Bg3 Qf6 20. Nd5 Qc6 21. Bh4 g5 22. Bg3 Ne6 23. Qc3 Nd4 24. b3 b6 25. Qb2 Ra7 26. Ne3 Qe6 27. Ng4 f6 28. Ne3 a4 29. Nc2 c5 30. Nxd4 cxd4 31. Rd3 Bf8 32. Rc1 axb3 33. Rxb3 Bc5 34. f3 Rea8 35. Rd3 Rxa2 36. Qb5 R8a5 37. Qb3 Qc6 38. Be1 R5a3 39. Qd1 Qa4 40. Rxa3 Qxd1 41. Ra8+ Rxa8 42. Rxd1 Ra2 43. Rd2 Ra1 44. Kf1 Bb4 45. Ke2 Rxe1+ 46. Kxe1 Kf7 47. Kd1 Bxd2 48. Kxd2 Ke6 49. g4 Kd6 50. Kc2 Kc5 51. Kd3 Kb4 52. h4 gxh4 53. f4 h3 54. g5 hxg5 55. c5 bxc5 56. Ke2 h2 57. Kf3 h1=Q+ 58. Kg4 Qxe4 59. Kh5 Qh7+ 60. Kg4 exf4 0-1

[Event "4th ChessMates Murmansk 2020"]
[Site "Murmansk"]
[Date "2020.03.15"]
[Round "5.28"]
[White "Fougerat, Emma"]
[Black "Khmil, Fedor"]
[Result "1/2-1/2"]
[ECO "A20"]
[WhiteElo "1668"]
[BlackElo "1470"]
[Annotator "NA RC"]
[PlyCount "58"]
[EventDate "2020.03.13"]
[EventType "team-tourn"]
[EventCountry "RUS"]
[SourceTitle "playchess.com"]
[Source "ChessBase"]
[SourceQuality "1"]
[TimeControl "5400+30"]

1. c4 e5 2. g3 Nf6 3. Bg2 Nc6 4. Nc3 Bb4 5. Nf3 O-O 6. O-O d6 7. Rb1 Be6 8. d3 h6 9. Bd2 Re8 10. a3 Bc5 11. b4 Bb6 12. b5 Ne7 13. Na4 Qd7 14. Ra1 Bh3 15. Nxb6 axb6 16. a4 Bxg2 17. Kxg2 e4 18. Nd4 d5 19. Nc2 exd3 20. exd3 Qf5 21. Bc3 dxc4 22. dxc4 Rad8 23. Qc1 Rd3 24. Ne3 Qe4+ 25. Kg1 Ng4 26. Nxg4 Qxg4 27. Be5 c6 28. Qf4 Qh3 29. Qe4 Rd7 1/2-1/2

[Event "4th ChessMates Murmansk 2020"]
[Site "Murmansk"]
[Date "2020.03.15"]
[Round "5.29"]
[White "Rombalskiy, Ivan"]
[Black "Matsumura, Cocoro"]
[Result "0-1"]
[ECO "B92"]
[WhiteElo "1298"]
[BlackElo "1896"]
[Annotator "NA RC"]
[PlyCount "100"]
[EventDate "2020.03.13"]
[EventType "team-tourn"]
[EventCountry "RUS"]
[SourceTitle "playchess.com"]
[Source "ChessBase"]
[SourceQuality "1"]
[TimeControl "5400+30"]

1. e4 c5 2. Nf3 d6 3. d4 cxd4 4. Nxd4 Nf6 5. Nc3 a6 6. Be2 e5 7. Nf3 Be7 8. O-O {[%emt 0:01:11] 8.Bg5 is more fashionable. Played by Ian Nepomniachtchi in November 2019.} O-O 9. h3 b5 {[%emt 0:00:22] B92: Sicilian Najdorf: 6 Be2.} 10. a3 Bb7 11. Bd3 Nbd7 12. Re1 Rc8 13. Be3 Qc7 {[%emt 0:04:43] [#]} 14. Nd2 $146 ({Predecessor:} 14. Qd2 Nb6 15. Bxb6 Qxb6 16. Rad1 Rfe8 17. Qe3 Qxe3 18. Rxe3 Rc7 19. Re2 Rec8 20. Kf1 {½-½ (54) Anderson,J-Triplett,T Detroit 1992}) 14... Rfd8 15. Nb3 Nc5 16. f3 Nxb3 17. cxb3 d5 18. exd5 Nxd5 19. Nxd5 Bxd5 20. Rc1 Qb7 21. Rxc8 Qxc8 22. Qb1 g6 23. Rc1 Qd7 24. Rc3 f5 ({Black should play} 24... b4 $17 25. Rc1 bxa3 26. bxa3 {[#]} Bxf3 $1 ) 25. Qc2 Qe6 26. b4 e4 27. fxe4 fxe4 28. Be2 Bd6 29. Bd4 Bb8 30. Bf2 Rf8 31. Bg4 Qe5 32. Bg3 Ba7+ 33. Kh2 Qd4 34. Qd1 (34. Qb1 $17) 34... Bc4 35. Bc7 $2 (35. Rc1 $17 {might work better.}) 35... Rf1 $2 {[%emt 0:02:26] [#]} ({Black should try} 35... h5 $19 36. Qxd4 Bxd4 37. Rxc4 bxc4) 36. Qxd4 $4 (36. Be6+ $1 $11 Kf8 (36... Bxe6 37. Qxf1) 37. Qxd4 Bxd4 38. Bxc4 bxc4 39. Rxc4) 36... Bxd4 37. Rc2 e3 38. Bg3 Rb1 39. Bf4 Kf7 ({But not} 39... Bxb2 40. Bxe3 Bxa3 41. Bc8 $19) ({Less strong is} 39... Rxb2 40. Rxb2 Bxb2 41. Bxe3 $15) 40. h4 Rf1 (40... Kf6 $142 41. Bf3 Kf5) 41. Bg3 (41. Kg3 {was the only defense.}) 41... Rf2 $11 (41... h5 $19 42. b3 Bxb3 43. Rc7+ Kg8) 42. Rc1 Rxb2 43. Re1 e2 44. Rc1 Ra2 45. Be1 Rxa3 46. Bf3 Be3 47. Rc2 Ra1 48. Rc3 Bd4 49. Kg3 Bxc3 50. Bxc3 e1=Q+ 0-1

[Event "4th ChessMates Murmansk 2020"]
[Site "Murmansk"]
[Date "2020.03.15"]
[Round "5.30"]
[White "Ider, Bayar"]
[Black "Ivashevskiy, Artem"]
[Result "0-1"]
[ECO "A48"]
[WhiteElo "1730"]
[BlackElo "1233"]
[Annotator "NA RC"]
[PlyCount "154"]
[EventDate "2020.03.13"]
[EventType "team-tourn"]
[EventCountry "RUS"]
[SourceTitle "playchess.com"]
[Source "ChessBase"]
[SourceQuality "1"]
[TimeControl "5400+30"]

1. d4 Nf6 2. Nf3 g6 3. e3 Bg7 4. b4 d6 5. Bb2 O-O 6. c4 Nbd7 7. a4 b6 8. Nc3 c5 9. b5 cxd4 10. Nxd4 Bb7 11. a5 Rc8 12. axb6 axb6 13. Ra7 Rc7 14. Ra1 Ne5 15. Qb3 Nfd7 16. Nd5 Nc5 17. Qd1 Rc8 18. f4 Ned7 19. f5 e6 20. Nc6 Bxc6 21. Bxg7 Kxg7 22. bxc6 Ne5 23. f6+ Kh8 24. Ne7 Rc7 25. Rb1 Ne4 26. g4 Nxf6 27. g5 Ne8 28. c5 Qxe7 29. cxb6 Rxc6 30. b7 Nc7 31. b8=Q Rxb8 32. Rxb8+ Kg7 33. Bg2 Rc1 34. Qxc1 Nd3+ 35. Ke2 Nxc1+ 36. Rxc1 Qxg5 37. Bf3 Nd5 38. Bxd5 Qxd5 39. Rcc8 Qg2+ 40. Kd3 Qxh2 41. Rg8+ Kf6 42. Rgf8 Qf2 43. Rbd8 d5 44. Rd7 Kg7 45. Rdd8 h5 46. Rg8+ Kf6 47. Rgf8 h4 48. Kd4 Qd2+ 49. Kc5 Qxe3+ 50. Kd6 Qb6+ 51. Kd7 d4 52. Ke8 Qxd8+ 53. Kxd8 d3 54. Ke8 d2 55. Rxf7+ Ke5 56. Rd7 g5 57. Rxd2 Kf5 58. Kf7 g4 59. Rf2+ Kg5 60. Kxe6 g3 61. Rf8 h3 62. Ke5 g2 63. Rg8+ Kh6 64. Kf6 Kh7 65. Rg7+ Kh8 66. Rg3 h2 67. Rxg2 h1=Q 68. Rg5 Qh4 69. Kf5 Kh7 70. Rg4 Qf2+ 71. Ke4 Kh6 72. Rf4 Qc2+ 73. Ke5 Kg5 74. Re4 Qc5+ 75. Ke6 Qc6+ 76. Ke5 Qc5+ 77. Ke6 Qf5+ 0-1